 Dungeon Crawl Stone Soup version 0.26.1-11-gd32895ea62 (webtiles) character file.

Game seed: 5906637061863404330

1786 Dadi the Basher (level 9, -1/59 HPs)
             Began as a Gargoyle Fighter on July 18, 2021.
             Was an Initiate of Okawaru.
             Slain by an orc knight
             ... wielding a +0 trident
              (23 damage)
             ... in a bailey.
             The game lasted 00:11:31 (6627 turns).

Dadi the Basher (Gargoyle Fighter)                  Turns: 6627, Time: 00:11:33

Health: -1/59      AC: 16    Str: 23    XL:     9   Next: 8%
Magic:  9/9        EV:  7    Int:  9    God:    Okawaru [......]
Gold:   379        SH:  9    Dex:  9    Spells: 8/8 levels left

rFire    . . .     SeeInvis .   D - +0 morningstar
rCold    . . .     Faith    .   c - +0 kite shield
rNeg     + . .     Spirit   .   b - +0 scale mail
rPois    ∞         Reflect  .   (no helmet)
rElec    +         Harm     .   (no cloak)
rCorr    .         Rampage  .   j - +2 pair of gloves
Will     .....                  (no boots)
Stlth    ..........             (no amulet)
HPRegen  0.19/turn              (no ring)
MPRegen  0.11/turn              (no ring)

@: no status effects
A: negative energy resistance 1, electricity resistance, unbreathing,
petrification resistance, miasma immunity, AC +6
a: Renounce Religion


You were in a bailey.
You worshipped Okawaru.
Okawaru was noncommittal.
You visited 2 branches of the dungeon, and saw 8 of its levels.
You also visited: Bailey.

You collected 379 gold pieces.

Inventory:

Hand Weapons
 a - a +0 flail
 D - a +0 morningstar (weapon)
Armour
 b - a +0 scale mail (worn)
 c - a +0 kite shield (worn)
 j - a +2 pair of gloves (worn)
Jewellery
 C - an uncursed ring of teleportation
Wands
 p - a wand of iceblast (7)
 w - a wand of enslavement (7)
 z - a wand of acid (6)
Scrolls
 f - 4 scrolls of remove curse
 g - a scroll of identify
 h - 2 scrolls of enchant weapon {unknown}
 k - 2 scrolls of magic mapping {unknown}
 n - 5 scrolls of fear {unknown}
 s - a scroll of teleportation {unknown}
 x - 2 scrolls of fog {unknown}
 y - a scroll of blinking {unknown}
 A - a scroll of random uselessness {unknown}
 B - a scroll of enchant armour {unknown}
Potions
 e - 3 potions of curing
 i - a potion of cancellation
 l - a potion of degeneration
 m - 2 potions of brilliance
 o - a potion of mutation
 q - a potion of berserk rage
 r - 3 potions of ambrosia
 t - 4 potions of haste
 u - 2 potions of heal wounds
 v - a potion of flight


   Skills:
 + Level 7.9 Fighting
 * Level 9.5 Maces & Flails
 - Level 3.2 Armour
 - Level 3.2 Shields


You had 8 spell levels left.
You didn't know any spells.
Your spell library was empty.

Dungeon Overview and Level Annotations

Branches:
Dungeon (7/15)             Temple (1/1) D:6          Bailey (1/1)

Altars:
Ashenzari
Cheibriados
Dithmenos
Elyvilon
Gozag
Hepliaklqana
Kikubaaqudgha
Makhleb
Nemelex Xobeh
Okawaru
Qazlal
Ru
Trog
Uskayaw
Xom
Yredelemnul
The Shining One

Shops:
D:5 (   D:6 *=[

Annotations:
D:5 2 transporters, ymhsbmbesitwf's ghost, novice MiFi


Innate Abilities, Weirdness & Mutations

You are resistant to torment.
Your stone body is resilient. (AC +6)
You are immune to poison.
You resist negative energy. (rN+)
You are resistant to electric shocks. (rElec)
You can survive without breathing.
You are immune to petrification.
You are immune to miasma.


Message History

As you read the scroll of identify, it crumbles to dust.
o - a potion of mutation
As you read the scroll of identify, it crumbles to dust.
v - a potion of flight The orc knight hits you from afar with a +0 trident.
An orc and an orc warrior come into view.
The orc warrior shouts!
The orc shouts!
The orc knight hits you with a +0 trident!
Found a gate leading back out of this place.
You closely miss the orc knight.
The orc warrior shoots a bolt.
You block the bolt.
The orc warrior shoots a bolt.
You block the bolt.
The orc knight hits you with a +0 trident!!
You hit the orc knight.
The orc knight is lightly wounded.
The orc warrior shoots a bolt.
You block the bolt.
The orc warrior shoots a bolt.
You block the bolt.
The orc knight roars a battlecry!
The orc knight goes into a battle-frenzy!
The orc knight hits you with a +0 trident!!
You die...

### ##∩## #.∩.#
#.@.#
≈o≈≈....o..≈≈o≈
.oo≈.......≈oo.
≈o≈≈.......≈≈o≈
≈≈≈..#...#..≈≈≈
....##...##....
#### ##∩## ####
###


You could see 2 orc knights, 3 orc warriors and 4 orcs.

Vanquished Creatures
  Eustachio (D:5)
  Menkaure (D:4)
  Duvessa (D:7)
  A water moccasin (D:7)
  An orc warrior (D:4)
  2 ice beasts
  A sky beast (D:6)
  A necrophage (D:6)
  A phantom (D:7)
  A bullfrog (D:4)
  Dowan (D:7)
  A scorpion (D:4)
  A howler monkey (D:5)
  2 orc priests
  A bullfrog skeleton (D:5)
  A centaur skeleton (D:5)
  An iguana (D:4)
  Natasha (thrice) (D:2)
  3 worker ants
  A killer bee zombie (D:4)
  Robin (D:2)
  3 gnolls (D:6)
  5 adders
  3 ufetubi
  An ooze (D:1)
  An adder skeleton (D:4)
  5 worms
  A dart slug (D:1)
  A leopard gecko (D:1)
  26 orcs
  11 bats
  5 giant cockroaches
  11 goblins
  11 hobgoblins
  7 jackals
  A quokka (D:3)
  7 frilled lizards
  A jackal skeleton (D:6)
  4 kobolds
  10 rats
141 creatures vanquished.

Notes
Turn   | Place    | Note
-------+----------+-------------------------------------------
     0 | D:1      | Dadi the Gargoyle Fighter began the quest for the Orb.
     0 | D:1      | Reached XP level 1. HP: 14/14 MP: 1/1
   117 | D:1      | Reached XP level 2. HP: 16/19 MP: 2/2
   454 | D:1      | Reached skill level 3 in Maces & Flails
   519 | D:1      | Reached XP level 3. HP: 21/24 MP: 3/3
   924 | D:2      | Identified the cursed +0 helmet of Citeet {rPois rC- Str+3
                  | Int+5}
   924 | D:2      | Noticed Robin
   939 | D:2      | Killed Robin
  1089 | D:2      | Noticed Natasha
  1103 | D:2      | Killed Natasha
  1104 | D:2      | Reached XP level 4. HP: 23/29 MP: 4/4
  1193 | D:2      | Reached skill level 4 in Maces & Flails
  1195 | D:2      | Found a shimmering altar of Xom.
  1447 | D:2      | Noticed Natasha
  1457 | D:2      | Killed Natasha
  1458 | D:2      | Reached XP level 5. HP: 34/34 MP: 5/5
  1863 | D:2      | Noticed Natasha
  1869 | D:2      | Killed Natasha
  2283 | D:3      | Reached skill level 5 in Maces & Flails
  2328 | D:3      | Reached XP level 6. HP: 40/40 MP: 6/6
  2605 | D:3      | Found an ancient bone altar of Kikubaaqudgha.
  2614 | D:3      | Found a broken altar of Ashenzari.
  2772 | D:4      | Noticed Menkaure
  2784 | D:4      | Killed Menkaure
  2785 | D:4      | Reached skill level 5 in Fighting
  3046 | D:4      | Reached skill level 6 in Maces & Flails
  3046 | D:4      | Reached XP level 7. HP: 35/44 MP: 7/7
  3141 | D:4      | Found a sparkling altar of Nemelex Xobeh.
  3317 | D:4      | Reached skill level 7 in Maces & Flails
  3548 | D:4      | Found a snail-covered altar of Cheibriados.
  3709 | D:5      | Entered Level 5 of the Dungeon
  4041 | D:5      | Noticed ymhsbmbesitwf's ghost (novice MiFi)
  4058 | D:5      | Found a hide-covered altar of Uskayaw.
  4551 | D:5      | Found a transporter.
  4578 | D:6      | Reached XP level 8. HP: 48/52 MP: 8/8
  4671 | D:5      | Reached skill level 8 in Maces & Flails
  4714 | D:5      | Found a transporter.
  4730 | D:5      | Noticed Eustachio
  4757 | D:5      | Killed Eustachio
  5113 | D:5      | Found Umiec's Weapon Emporium.
  5252 | D:6      | Found a staircase to the Ecumenical Temple.
  5281 | Temple   | Entered the Ecumenical Temple
  5537 | Temple   | Became a worshipper of Warmaster Okawaru
  5735 | D:6      | Found Sezyubb's Jewellery Boutique.
  5808 | D:6      | Found Kaela's Antique Armour Emporium.
  5904 | D:6      | Found Jiojeg's General Store.
  6469 | D:7      | Noticed Duvessa
  6469 | D:7      | Noticed Dowan
  6481 | D:7      | Killed Duvessa
  6482 | D:7      | Reached skill level 9 in Maces & Flails
  6485 | D:7      | Killed Dowan
  6489 | D:7      | Reached XP level 9. HP: 29/59 MP: 9/9
  6515 | D:7      | Found a flagged portal.
  6616 | Bailey   | Entered a bailey
  6616 | Bailey   | Noticed an orc knight
  6621 | Bailey   | Noticed an orc knight
  6627 | Bailey   | Slain by an orc knight

Illustrated notes

Levels and vault maps discovered:
D:1:      tarquinn_simple_flora_water_f, layout_rooms
D:2:      layout_basic, tgw_xom, uniq_terence, uniq_natasha, uniq_robin
D:3:      layout_loops_cross, amethyst_overflow_temple_binary
D:4:      layout_basic, lemuel_doored_altar, nicolae_overflow_hidden_temple,
          uniq_menkaure
D:5:      layout_loops_ring, eat_drink_and_be_merry_uskayaw,
          gammafunk_ghost_arena, serial_shops, kennysheep_mini_moat,
          fountainhead, uniq_eustachio
D:6:      layout_basic, minmay_temple_entry_junction, serial_shops, shop, shop,
          nicolae_shop_trees, minmay_misc_feat_rows
D:7:      layout_rooms, overflow_temple_1_default, zin_scriptorium,
          gammafunk_temple_overflow_elements, serial_shops, nicolae_shop_trees,
          enter_bailey_5, grunt_ministairs_14, uniq_duvessa, uniq_maggie
Temple:   hc_temple_tempest_star
Bailey:   bailey_polearm_4, bailey

Skill      XL: |  1  2  3  4  5  6  7  8 |
---------------+-------------------------+-----
Maces & Flails | 3 4 5 6 7 9 |  9.5
Fighting       | 4 5 6 7 |  7.9
Armour         | |  3.2
Shields        | |  3.2

Action                   |  1- 3 |  4- 6 |  7- 9 || total
-------------------------+-------+-------+-------++-------
Melee: Flail             |   139 |   224 |   220 ||   583
       Morningstar       |       |       |    28 ||    28
  Use: Scroll            |       |       |    11 ||    11
       Potion            |       |       |     1 ||     1
Armor: Scale mail        |    86 |   115 |   166 ||   367
Dodge: Dodged            |    50 |    68 |   110 ||   228
Block: Kite shield       |    88 |   125 |   145 ||   358
